[Event "Late-Titled-Tuesday-Blitz-October-24-2023"]
[Site "Chess.com"]
[Date "2023.10.24"]
[Round "2"]
[White "AsselLesbekova"]
[Black "Langua_Chess"]
[Result "1-0"]
[WhiteElo "2291"]
[BlackElo "2495"]
[TimeControl "180+1"]
[EndTime "14:19:33 PDT"]
[Termination "AsselLesbekova won by resignation"]

1. e4 e5 2. Nf3 Nc6 3. Nc3 Nf6 4. d4 exd4 5. Nxd4 Bb4 6. Nxc6 bxc6 7. Qd4 Qe7 8. f3 d5 9. Bg5 c5 10. Bb5+ Bd7 11. Bxd7+ Qxd7 12. Qe5+ Qe6 13. Bxf6 gxf6 14. Qxd5 Rd8 15. Qxe6+ fxe6 16. Ke2 Bxc3 17. bxc3 Ke7 18. Rhd1 Rb8 19. Rab1 Rb6 20. Rb3 h5 21. g3 h4 22. g4 Rhb8 23. Rdb1 c4 24. Rxb6 axb6 25. Rb5 Ra8 26. Rh5 Rxa2 27. Kd2 Kd6 28. f4 Ra1 29. Rxh4 Rg1 30. h3 Rg2+ 31. Kc1 b5 32. Rh6 Ke7 33.
Rh5 c6 34. e5 fxe5 35. Rxe5 Kd6 36. Re3 Rf2 37. Re4 Rf3 38. h4 Rxc3 39. h5 Rh3 40.
Kb2 c5 41. Re5 Rh4 42. Rg5 b4 43. Rg6 Kd5 44. h6 Rh2 45. Rg5+ Kd4 46. Rh5 Rg2 47.
h7 b3 48. h8=Q+ Ke4 49. Qe5+ Kf3 50. Rh3+ Kxg4 51. Qh5+ Kxf4 52. Qf3+ Ke5 53. Qxg2 Kd6 54. cxb3 Kc7 55. bxc4 Kb6 56. Rb3+ Ka5 1-0

[Event "Late-Titled-Tuesday-Blitz-October-24-2023"]
[Site "Chess.com"]
[Date "2023.10.24"]
[Round "2"]
[White "BrandonJacobson"]
[Black "KATPAH"]
[Result "1/2-1/2"]
[WhiteElo "3029"]
[BlackElo "2638"]
[TimeControl "180+1"]
[EndTime "14:19:34 PDT"]
[Termination "Game drawn by repetition"]

1. Nf3 Nf6 2. c4 g6 3. Nc3 Bg7 4.
e3 d5 5. cxd5 Nxd5 6. Qb3 Nxc3 7. bxc3 O-O 8. d4 c5 9. Be2 cxd4 10. cxd4 Nc6 11. Bb2 Be6 12. Qa4 Qa5+ 13. Qxa5 Nxa5 14. O-O Rac8 15. Rfc1 Nc4 16. Bc3 b5 17. a4 a6 18.
axb5 axb5 19. Bb4 Rc7 20. Ng5 Bd5 21. Rab1 Rfc8 22. Bc5 h6 23. Nf3 e5 24. Rxb5 Nd6 25. Rbb1 exd4 26. exd4 Bxf3 27. Bxf3 Bxd4 28. Ba3 Rxc1+ 29.
Rxc1 Rxc1+ 30. Bxc1 h5 31. g3 Nc4 32. Kg2 Ne5 33. Bd5 Nd3 34. Ba3 Nxf2 35. Kf3 Ng4 36. h3 Nf6 37. Bc4 Kg7 38. Be7 Nd7 39.
Ke4 Bf6 40. Bb4 Ne5 41. Be2 Nc6 42. Bd6 Be7 43. Bc7 Bd8 44. Bd6 Be7 45. Bc7 Bf6 46.
Bb6 Ne7 47. Bc4 Nf5 48. Bf2 Nd6+ 49. Kd5 Nxc4 50. Kxc4 Be5 51. Kd5 Kf6 52. Ke4 Ke6 53. g4 f5+ 54. gxf5+ gxf5+ 55. Kf3 Bc7 56. Bh4 Bd6 57.
Bf2 Kd5 58. Bh4 Ke5 59. Bg3+ Ke6 60. Bf2 Kf6 61. Bh4+ Kg6 62. Bf2 Kg5 63. Be1 Be5 64. Bf2 Bc7 65. Be1 f4 66. Bf2 Kf5 67. Be1 Bb6 68. Bd2 Bc7 69. Be1 Be5 70. Bd2 Bd6 71. Be1 Kg5 72. Bf2 Bb4 73. Ke4 Bd6 74.
Be1 Bb8 75. Kf3 Kf5 76. Bc3 Bc7 77. Be1 1/2-1/2

[Event "Late-Titled-Tuesday-Blitz-October-24-2023"]
[Site "Chess.com"]
[Date "2023.10.24"]
[Round "2"]
[White "Arseniy_Nesterov"]
[Black "Mikedannnn"]
[Result "1-0"]
[WhiteElo "2831"]
[BlackElo "2564"]
[TimeControl "180+1"]
[EndTime "14:19:34 PDT"]
[Termination "Arseniy_Nesterov won on time"]

1. d4 c5 2. d5 g6 3. e4 Bg7 4.
Nc3 d6 5. Nf3 Nf6 6. h3 O-O 7.
Bd3 Na6 8. O-O Nc7 9. a4 e6 10. Bc4 exd5 11. exd5 b6 12. Bf4 a6 13. Re1 Rb8 14.
Qd3 Bf5 15. Qf1 b5 16. axb5 axb5 17. Nxb5 Nxb5 18. Bxb5 Nxd5 19. Bg5 Qb6 20. c4 Nb4 21.
Rad1 d5 22. b3 h6 23. Be7 Rfc8 24. Nh4 Bc2 25. Rd2 Bc3 26. Qe2 Bxd2 27. Qxd2 g5 28. Nf3 Be4 29. Ne5 Nc2 30. Rxe4 dxe4 31. Nd7 Qe6 32.
Nxb8 Qxe7 33. Nc6 Qf6 34. Qxc2 Rxc6 35. Bxc6 Qxc6 36. Qd2 Kg7 37. b4 cxb4 38. Qxb4 Qe6 39. c5 Qd5 40. Qc3+ Kg6 41. c6 Qd1+ 42. Kh2 Qd6+ 43.
g3 e3 44. fxe3 Qd1 45. c7 Qe2+ 46. Kg1 Qd1+ 47. Kf2 g4 48. hxg4 Qh1 49. c8=Q Qh2+ 50. Ke1 Qxg3+ 51. Kd2 Qg2+ 52. Kc1 Qf1+ 53. Kb2 Qb5+ 54.
Qb3 Qe5+ 55. Qcc3 1-0

[Event "Late-Titled-Tuesday-Blitz-October-24-2023"]
[Site "Chess.com"]
[Date "2023.10.24"]
[Round "2"]
[White "Miguelitro69"]
[Black "Triumphmate"]
[Result "0-1"]
[WhiteElo "2305"]
[BlackElo "2519"]
[TimeControl "180+1"]
[EndTime "14:19:35 PDT"]
[Termination "Triumphmate won on time"]

1. e4 d5 2. exd5 Nf6 3. Bb5+ c6 4. dxc6 Nxc6 5. Nf3 Bg4 6. Qe2 e6 7. h3 Bh5 8. Nc3 Bd6 9. d3 O-O 10. Bxc6 bxc6 11.
Ne4 Be7 12. Ng3 Bg6 13. Ne5 Bd6 14. Nxg6 hxg6 15. O-O Rb8 16. Ne4 Be7 17. b3 Qd4 18.
Be3 Qb2 19. Rfb1 Qa3 20. Nd2 Nd5 21. Nc4 Qa6 22. Bd2 Bf6 23. Nb2 Nc3 24. Bxc3 Bxc3 25.
a4 Rfd8 26. Ra2 Qa5 27. Nc4 Qg5 28. a5 a6 29. Ra4 Rb5 30. Qf3 Rdd5 31. Nb6 Rf5 32.
Qe3 Qxe3 33. fxe3 Bxa5 34. Nc4 Rg5 35. Rf1 f6 36. Rf3 Kh7 37. Kf2 Kh6 38. h4 Rh5 39. g3 g5 40. g4 Rxh4 41. Rxa5 Rh2+ 42. Kg3 Rxc2 43. Rxa6 Rxb3 44. Rxc6 Rxd3 45. Ne5 Rxc6 46.
Nxc6 e5 47. e4 Rd1 48. Rc3 Re1 49. Kf3 Rf1+ 50. Ke3 Rf4 51. Ne7 Rxg4 52. Nf5+ Kg6 53. Rc7 Rg1 54. Rxg7+ Kh5 55. Rh7+ Kg4 56. Rh6 Re1+ 57.
Kd3 Kf4 58. Rxf6 Rd1+ 59. Ke2 Ra1 60. Nd6+ Kg3 61. Rf2 Ra2+ 62. Ke3 Rxf2 63. Nf5+ Kg2 64. Nh6 Rf3+ 65. Ke2 Ra3 66. Ng4 Kh3 67. Nxe5 g4 68. Ng6 g3 69. e5 Kg4 70. e6 Ra6 71. e7 Re6+ 72. Kf1 Kf3 73. Nh4+ Kg4 74. Ng6 Kg5 75. Nf8 Rxe7 76. Kg2 Kg4 77. Ng6 Re2+ 78. Kf1 Ra2 79. Ne5+ Kh3 80. Nf3 Rf2+ 81. Kg1 Rxf3 0-1

[Event "Late-Titled-Tuesday-Blitz-October-24-2023"]
[Site "Chess.com"]
[Date "2023.10.24"]
[Round "2"]
[White "Zhigalko_Sergei"]
[Black "Makswolf200817"]
[Result "1-0"]
[WhiteElo "2963"]
[BlackElo "2615"]
[TimeControl "180+1"]
[EndTime "14:19:37 PDT"]
[Termination "Zhigalko_Sergei won by resignation"]

1. e4 c5 2. Nf3 d6 3. d4 cxd4 4. Qxd4 Nc6 5. Bb5 Bd7 6. Bxc6 Bxc6 7. Nc3 Nf6 8. Bg5 e6 9. O-O-O Be7 10. Rhe1 O-O 11.
Kb1 Qa5 12. Qd2 Rfe8 13. Nd4 Rac8 14. f3 Bd7 15. Nd5 Qxd2 16. Nxe7+ Rxe7 17. Rxd2 Be8 18. Red1 Rec7 19. c3 Ba4 20. b3 Bd7 21. Bxf6 gxf6 22. Ne2 d5 23. exd5 e5 24. Kb2 b5 25. g4 f5 26. d6 Rb7 27. gxf5 Bxf5 28. Ng3 Bg6 29. h4 f5 30. h5 f4 31. hxg6 fxg3 32. Rg1 hxg6 33. Rxg3 Kf7 34. Rg4 Rd7 35. Rd5 Kf6 36.
Re4 Re8 37. f4 g5 38. fxe5+ Kf5 39. e6+ Kxe4 40. exd7 Rd8 41. Rxg5 a6 42. Rg7 Kd5 43. Ka3 Kxd6 44. Kb4 Kc6 45. Ka5 Kb7 46. Re7 Ka7 47. Kb4 Kb6 48. Re6+ Kb7 49. Rd6 Kc7 50. Rxa6 Kxd7 51. Kxb5 1-0

[Event "Late-Titled-Tuesday-Blitz-October-24-2023"]
[Site "Chess.com"]
[Date "2023.10.24"]
[Round "2"]
[White "dosto07"]
[Black "RamyresCoelho"]
[Result "1-0"]
[WhiteElo "2519"]
[BlackElo "2299"]
[TimeControl "180+1"]
[EndTime "14:19:38 PDT"]
[Termination "dosto07 won by checkmate"]

1. e4 c5 2. Nf3 d6 3. d4 cxd4 4.
Qxd4 Nc6 5. Bb5 Bd7 6. Bxc6 Bxc6 7. Nc3 e5 8. Qd3 Nf6 9. Bg5 Be7 10. Bxf6 Bxf6 11.
O-O-O Be7 12. Nd5 Bxd5 13. Qxd5 O-O 14. Kb1 Qb6 15. Rd2 Rfc8 16. Qb3 Qxb3 17. axb3 a5 18.
Rhd1 a4 19. bxa4 Rxa4 20. Re2 Rca8 21. c3 Ra1+ 22. Kc2 Rxd1 23. Kxd1 g6 24. Kc2 f5 25. Nd2 Kf7 26. f3 Ke6 27. Nc4 b5 28. Nb6 Ra6 29.
Nd5 Rc6 30. Re1 Rc5 31. Rd1 fxe4 32. fxe4 Rc4 33. Kd3 h5 34. Ra1 Rc6 35. Ra7 Bd8 36. Rb7 Rc5 37. b4 Rc6 38. Rxb5 Ra6 39. Rb8 Kd7 40.
Rb7+ Ke6 41. Rg7 g5 42. b5 Ra1 43. Rg8 Kd7 44. Rg7+ Kc8 45. Kc4 Ra2 46. b6 Rxg2 47. b7+ Kb8 48. Rg8 Kxb7 49. Rxd8 Rxh2 50. Rxd6 Re2 51. Kd3 Rf2 52. Rg6 g4 53. Rg5 Rh2 54. Ne3 Rh3 55. Ke2 g3 56. Nf5 Rh2+ 57. Kf3 g2 58. Rxg2 Rh3+ 59. Rg3 Rh1 60. Ne3 Rc1 61. c4 Rh1 62. Kg2 Rh4 63. Kf3 Rf4+ 64. Ke2 h4 65. Rg4 Kc6 66. Rxf4 exf4 67. Ng4 Kc5 68. Kf3 Kxc4 69.
Kxf4 Kd4 70. Kf5 h3 71. e5 Kd5 72. Kf6 Ke4 73. e6 Kf4 74. Nf2 Kg3 75. Nxh3 Kxh3 76. e7 Kg4 77. e8=Q Kf4 78. Qg6 Kf3 79. Qg5 Ke4 80.
Qe5+ Kf3 81. Kf5 Kg2 82. Qf4 Kh3 83. Qg4+ Kh2 84. Kf4 Kh1 85. Kf3 Kh2 86. Qg5 Kh1 87. Qg2# 1-0

[Event "Late-Titled-Tuesday-Blitz-October-24-2023"]
[Site "Chess.com"]
[Date "2023.10.24"]
[Round "2"]
[White "scandalgod"]
[Black "sari07"]
[Result "1-0"]
[WhiteElo "2511"]
[BlackElo "2256"]
[TimeControl "180+1"]
[EndTime "14:19:38 PDT"]
[Termination "scandalgod won by checkmate"]

1. d4 Nf6 2. c4 g6 3. Nc3 Bg7 4. e4 O-O 5. f4 c5 6. d5 d6 7. Nf3 e6 8. Be2 exd5 9. cxd5 Re8 10. e5 dxe5 11. fxe5 Ng4 12. e6 fxe6 13. Bg5 Qb6 14. Qd2 exd5 15. Nxd5 Qxb2 16. Qxb2 Bxb2 17. Rb1 Be6 18.
Rxb2 Bxd5 19. O-O Nd7 20. Rd1 Nb6 21. h3 Ne3 22. Bxe3 Rxe3 23. Rxd5 Nxd5 24. Bc4 Rd8 25.
Rd2 Kg7 26. Bxd5 b5 27. Kf2 Ra3 28. Ng5 Rc8 29. Ne4 c4 30. Be6 Rc7 31. Ng5 Rc5 32.
Bd5 c3 33. Ne6+ Kf6 34. Nxc5 cxd2 35. Ke2 Rc3 36. Ne4+ Ke5 37. Nxc3 Kd4 38. Kxd2 b4 39.
Nb5+ Kxd5 40. Nxa7 Kc4 41. Kc2 b3+ 42. axb3+ Kd4 43.
Nc6+ Ke3 44. Nd8 Kf2 45. Ne6 Kxg2 46. Ng5 h6 47. Nf7 h5 48. b4 Kxh3 49. b5 h4 50.
b6 Kg2 51. b7 h3 52. b8=Q h2 53. Qb7+ Kg1 54. Qb6+ Kf1 55. Qf6+ Kg1 56. Qxg6+ Kf1 57. Qf5+ Kg1 58. Qg4+ Kf1 59. Qd1+ Kg2 60. Qe2+ Kg1 61. Ng5 Kh1 62. Qf1# 1-0

[Event "Late-Titled-Tuesday-Blitz-October-24-2023"]
[Site "Chess.com"]
[Date "2023.10.24"]
[Round "2"]
[White "tylityli"]
[Black "SaqoChess_Twitch"]
[Result "0-1"]
[WhiteElo "2327"]
[BlackElo "2552"]
[TimeControl "180+1"]
[EndTime "14:19:40 PDT"]
[Termination "SaqoChess_Twitch won on time"]

1. d4 d5 2. c4 e6 3. Nc3 Nf6 4. cxd5 exd5 5. Bg5 c6 6. e3 Nbd7 7. Bd3 Be7 8. Qc2 O-O 9. Nge2 Re8 10. O-O Nf8 11. f3 h6 12. Bh4 Ne6 13. Bf2 Bd6 14. Kh1 Ng5 15. Bg1 a5 16. e4 dxe4 17. fxe4 Ng4 18.
e5 Bc7 19. h3 Nxe5 20. dxe5 Rxe5 21. Bh2 Re3 22. Bxc7 Qxc7 23. Bf5 g6 24. Bxc8 Qxc8 25.
Nf4 Qe8 26. Rad1 a4 27. a3 b5 28. Qd2 Qe5 29. Rde1 Rxe1 30. Rxe1 Qf6 31. Qe3 Rd8 32. Nd3 Ne6 33. Qe5 Qxe5 34. Nxe5 Rd2 35. Re2 Rd6 36. g3 Kg7 37. Kg2 f6 38. Ne4 Rd4 39. Nxc6 Rc4 40. Nb4 Nd4 41. Rd2 Nc6 42. Rd7+ Kf8 43.
Rc7 Rxe4 44. Rxc6 Re2+ 45. Kf3 Rxb2 46. Rxf6+ Kg7 47. Rb6 Rb3+ 48. Kg4 Rxa3 49. Rxb5 Rb3 50. Rb7+ Kg8 51. Rb8+ Kf7 52. Rb7+ Ke6 53. Rb6+ Kd7 54.
Nd5 h5+ 55. Kh4 g5+ 56. Kxh5 Rxg3 57. Ra6 a3 58. h4 gxh4 59. Kxh4 Rb3 60. Kg4 Kc8 61. Kf4 Kb7 62. Ra4 Kc6 63. Ke4 Kb5 64. Ra8 Rh3 0-1

[Event "Late-Titled-Tuesday-Blitz-October-24-2023"]
[Site "Chess.com"]
[Date "2023.10.24"]
[Round "2"]
[White "jup1978"]
[Black "protectiago"]
[Result "1-0"]
[WhiteElo "2492"]
[BlackElo "2051"]
[TimeControl "180+1"]
[EndTime "14:19:42 PDT"]
[Termination "jup1978 won by resignation"]

1. d4 Nf6 2. c4 g6 3. Nf3 Bg7 4. g3 O-O 5. Bg2 d5 6. cxd5 Nxd5 7. O-O c6 8. h3 Nd7 9. e4 N5b6 10. Nc3 e5 11.
dxe5 Nxe5 12. Nxe5 Bxe5 13. f4 Bg7 14. Qe2 Be6 15. Rd1 Qc8 16. Kh2 Rd8 17. Be3 Qc7 18.
e5 Rxd1 19. Rxd1 Rd8 20. b3 Nd5 21. Bd2 Nxc3 22. Bxc3 Bf8 23. Rd2 Rxd2 24. Qxd2 Bc5 25. h4 Qd7 26. Qe2 Bg4 27. Qc4 Bb6 28. Qf1 h5 29.
Qe1 Qf5 30. Qd2 Qd7 31. Qxd7 Bxd7 32. Bf3 Be3 33. Kg2 b6 34. Kf1 a5 35. Ke2 Bc1 36. Bd4 b5 37. Be4 Ba3 38. Kf3 c5 39. Bc3 a4 40. bxa4 b4 41. Bd2 Bxa4 42. Bd5 Bd1+ 43. Kf2 Bb2 44. Be3 Bd4 45. Bxd4 cxd4 46. Ke1 Bc2 47. Kd2 d3 48. Bc4 Bb1 49. Kc1 Bc2 50. Bb3 Bxb3 51. axb3 Kf8 52. Kd2 Ke7 53. Kxd3 Ke6 54.
Kc4 Kf5 55. Kxb4 Kg4 56. Kc4 Kxg3 57. b4 Kxh4 58. b5 Kg3 59. b6 h4 60. b7 h3 61.
b8=Q h2 62. Qb3+ Kg2 63. Qc2+ Kg1 64. Qd1+ Kg2 65. Qe2+ Kg1 66. Kc5 h1=Q 67. Qe1+ Kg2 68. Qxh1+ Kxh1 69. Kd6 Kg2 70. Ke7 Kf3 71. Kxf7 Kxf4 72.
e6 g5 73. e7 g4 74. e8=Q g3 75. Qb8+ 1-0

[Event "Late-Titled-Tuesday-Blitz-October-24-2023"]
[Site "Chess.com"]
[Date "2023.10.24"]
[Round "2"]
[White "Grischuk"]
[Black "Cryptochess"]
[Result "1-0"]
[WhiteElo "2987"]
[BlackElo "2620"]
[TimeControl "180+1"]
[EndTime "14:19:45 PDT"]
[Termination "Grischuk won by resignation"]

1. d4 Nf6 2. c4 e6 3. Bg5 Bb4+ 4.
Nd2 d5 5. e3 O-O 6. Nf3 b6 7.
cxd5 exd5 8. Rc1 c5 9. dxc5 bxc5 10. a3 Bxd2+ 11. Qxd2 Nbd7 12. Bb5 h6 13. Bxd7 Bxd7 14. Bxf6 Qxf6 15. Rxc5 Rab8 16. Nd4 Qb6 17. Rc2 Ba4 18. b3 Rfc8 19. Rxc8+ Rxc8 20. O-O Bb5 21. Rc1 Rxc1+ 22. Qxc1 Bd3 23. h3 Qa5 24. a4 Qb4 25. Qd1 Be4 26.
f3 Bg6 27. Kf2 Qc3 28. Qe1 Qb2+ 29. Kg3 Bd3 30. Kh2 Kh7 31. Kg1 h5 32. Qd1 Qc3 33. Kf2 Qb2+ 34. Kg1 Qc3 35. h4 g6 36. Kh2 a5 37. Kg1 Ba6 38. Kf2 Qb2+ 39. Qc2 Qa1 40. Qd2 Qf1+ 41. Kg3 Bd3 42. Qxa5 Kg7 43. Qd2 Ba6 44.
Qf2 Qd3 45. b4 Qc3 46. b5 Qc7+ 47. f4 Bc8 48. Qb2 Kh7 49. b6 Qd7 50. Kf2 Qg4 51. Nf3 Qd7 52. a5 Ba6 53. Qf6 Kg8 54. Ne5 Qe8 55.
f5 d4 56. fxg6 dxe3+ 57. Kxe3 fxg6 58. Qxg6+ 1-0

[Event "Late-Titled-Tuesday-Blitz-October-24-2023"]
[Site "Chess.com"]
[Date "2023.10.24"]
[Round "2"]
[White "Ali_rastbod"]
[Black "DanylaBagrov"]
[Result "1-0"]
[WhiteElo "2751"]
[BlackElo "2531"]
[TimeControl "180+1"]
[EndTime "14:19:48 PDT"]
[Termination "Ali_rastbod won by resignation"]

1. e4 d6 2. d4 Nf6 3. Nc3 e5 4. dxe5 dxe5 5. Qxd8+ Kxd8 6. Bc4 Ke8 7. Nf3 Bd6 8. Bg5 Nbd7 9. O-O-O h6 10. Bh4 g5 11.
Bg3 Nh5 12. Nb5 Ke7 13. Nd2 Ndf6 14. f3 Nf4 15. Bf1 Be6 16. Bf2 a6 17. Nxd6 cxd6 18. g3 Ng6 19. Nc4 Rhd8 20. Nb6 Rab8 21. Nd5+ Nxd5 22. exd5 Bd7 23. Bb6 Rdc8 24. b3 f5 25. Kb2 Be8 26. c4 Nf8 27. c5 Nd7 28.
cxd6+ Kxd6 29. Be3 Bf7 30. h4 f4 31. gxf4 gxf4 32.
Ba7 Ra8 33. Bf2 Nf6 34. Bh3 Rg8 35. Rd2 Nxd5 36. Rhd1 b5 37. Bf5 Rad8 38. Bb6 Rb8 39. Ba7 Rb7 40. Bf2 Kc6 41. Be4 Rd8 42. Rg1 Rbd7 43. Rc1+ Kb7 44. Rc5 Kb8 45. Rc6 Nc7 46. Rb6+ Kc8 47. Bb7+ Kb8 48. Bc6+ Kc8 49. Bxd7+ Rxd7 50. Rb8+ Kxb8 51. Rxd7 Bd5 52. Bb6 Bxf3 53. Bxc7+ Kc8 54.
Re7 e4 55. Bxf4 Kd8 56. Re5 Kd7 57. Bxh6 Kd6 58. Bf4 Kc6 59. Kc3 Bg2 60. b4 Bh1 61. a3 1-0

[Event "Late-Titled-Tuesday-Blitz-October-24-2023"]
[Site "Chess.com"]
[Date "2023.10.24"]
[Round "2"]
[White "pedromartinez91"]
[Black "Dubs123"]
[Result "1-0"]
[WhiteElo "2621"]
[BlackElo "2341"]
[TimeControl "180+1"]
[EndTime "14:19:48 PDT"]
[Termination "pedromartinez91 won by resignation"]

1. d4 Nf6 2. c4 g6 3. Nc3 Bg7 4. e4 c5 5. d5 d6 6. Bd3 O-O 7. Nge2 Nbd7 8. Ng3 e6 9. O-O exd5 10. cxd5 h5 11.
Bg5 a6 12. a4 Qc7 13. f3 Ne5 14. Be2 Bd7 15. Nh1 b5 16. Nf2 b4 17. Nb1 c4 18.
Qd2 a5 19. h3 Nh7 20. Be3 c3 21.
bxc3 bxc3 22. Nxc3 Nxf3+ 23. Bxf3 Qxc3 24. Ra2 Rfc8 25. Rc1 Qxc1+ 26. Qxc1 Rxc1+ 27. Bxc1 Bc3 28. Bf4 Bb4 29. Nd3 g5 30. Bh2 g4 31. hxg4 hxg4 32. Bd1 Ng5 33. Bc2 Bc3 34. e5 dxe5 35. Nxe5 Bd4+ 36.
Kf1 Bc8 37. Nc6 Ba6+ 38. Ke1 Re8+ 39. Kd1 Be3 40. Bd6 Bc4 41. Rb2 Bf2 42. Rb8 Rxb8 43. Bxb8 Bxd5 44. Ne7+ Kg7 45. Nxd5 Ne6 46. Be5+ Kf8 47.
Nf6 Ke7 48. Nxg4 Bb6 49. Nf6 Bf2 50. Nd5+ Kd7 51. Nb6+ Kc6 52. Nc4 Kc5 53. Nxa5 Kb4 54. Nc6+ Kc5 55. Ne7 Bh4 56. Nf5 Bd8 57. g4 Kb4 58. Nd6 f6 59. Bg3 Nc5 60. Be1+ Ka3 61. Nc4+ Ka2 62. a5 Nb3 63. Bxb3+ Kxb3 64. a6 Kxc4 65. a7 Bc7 66. a8=Q 1-0

[Event "Late-Titled-Tuesday-Blitz-October-24-2023"]
[Site "Chess.com"]
[Date "2023.10.24"]
[Round "2"]
[White "GMJustin"]
[Black "DanielTitichoca"]
[Result "1-0"]
[WhiteElo "2276"]
[BlackElo "2631"]
[TimeControl "180+1"]
[EndTime "14:19:49 PDT"]
[Termination "GMJustin won by resignation"]

1. e4 c5 2. Nc3 e6 3. Nge2 a6 4. g3 b5 5. Bg2 Bb7 6. O-O h5 7. d4 cxd4 8. Nxd4 Ne7 9. Bg5 f6 10. Be3 Nec6 11. Nb3 Ne5 12. Nc5 Bc6 13. Nd3 Nc4 14.
Bc1 d6 15. Nf4 Qc8 16. Ng6 Rh7 17. b3 Ne5 18. Nxf8 Kxf8 19. Qxd6+ Kg8 20. f4 Nf7 21. Qd4 h4 22. a4 hxg3 23. hxg3 Nd7 24. axb5 axb5 25.
Rxa8 Qxa8 26. Bb2 e5 27. Qd3 Qa7+ 28. Rf2 Nc5 29. Qe3 b4 30. Nd5 Qa5 31. fxe5 Bxd5 32. exd5 fxe5 33. Qf3 g6 34. Bxe5 Qd8 35. Bd4 Nd7 36.
Qe3 Ng5 37. Qd3 Nf8 38. d6 Rf7 39. Qc4 Qxd6 40. Bd5 Nfe6 41. Bxe6 Nxe6 42. Rxf7 Kxf7 43. Bf2 Qe5 44. Qd3 Qa1+ 45. Kg2 Qa8+ 46. Qf3+ Qxf3+ 47. Kxf3 Kf6 48. Ke4 Kg5 49. Kd5 Ng7 50. Kc4 Kg4 51. Kxb4 Kf3 52. Bd4 Nf5 53. Be5 Ke4 54. Bc7 Ne3 55.
c4 Kd4 56. Bf4 Ke4 57. Bxe3 Kxe3 58. c5 Kf3 59. c6 Kxg3 60. c7 g5 61. c8=Q g4 62.
Qxg4+ Kxg4 63. Kc5 Kf5 64. b4 Ke6 65. Kc6 Ke7 66. Kc7 Ke6 67. b5 Kd5 68. b6 Kc5 69. b7 1-0

[Event "Late-Titled-Tuesday-Blitz-October-24-2023"]
[Site "Chess.com"]
[Date "2023.10.24"]
[Round "2"]
[White "Balla_Tamas"]
[Black "HamedWafa4"]
[Result "1-0"]
[WhiteElo "2347"]
[BlackElo "2594"]
[TimeControl "180+1"]
[EndTime "14:19:51 PDT"]
[Termination "Balla_Tamas won by checkmate"]

1. e4 e5 2. Nf3 Nc6 3. d4 exd4 4. Nxd4 Bc5 5. Nb3 Bb6 6. Nc3 Nge7 7. Qe2 O-O 8. Be3 f5 9. f3 f4 10. Bxb6 axb6 11. O-O-O Ne5 12. Kb1 N7c6 13. Nd5 d6 14. Qd2 Ng6 15. h4 h5 16. Nd4 Nxd4 17. Qxd4 Be6 18.
Bc4 Ne5 19. Bb3 Qd7 20. Nxc7 Bxb3 21. Nxa8 Bxa2+ 22. Kxa2 Rxa8+ 23. Kb1 Kh8 24. Qxe5 Ra1+ 25. Kxa1 Qa4+ 26. Kb1 dxe5 27. Rd5 Qc4 28. Rxe5 Qe2 29. Rxh5+ Kg8 30. Rg5 b5 31. h5 Kf7 32. b3 b4 33.
Rf5+ Ke6 34. Rxf4 Qxg2 35. Rd1 Qe2 36. Rd3 Qe1+ 37. Kb2 Qh1 38. Rf5 Qh4 39. Rfd5 Qf6+ 40. e5 Qf4 41. Rd6+ Ke7 42. Rd7+ Ke6 43. R7d6+ Ke7 44.
e6 Qe5+ 45. R3d4 Qe1 46. Rd7+ Ke8 47. e7 Qc3+ 48. Kc1 Qe1+ 49. Rd1 Qe3+ 50. Kb1 Qxf3 51.
Re1 Kxd7 52. e8=Q+ Kc7 53. Qe5+ Kb6 54. Qe6+ Ka7 55.
Qe4 Qf7 56. Qxb4 Qxh5 57. Qd4+ Ka6 58. Rd1 b6 59. Qc4+ b5 60. Qc6+ Ka5 61. Qc7+ Kb4 62. Rd4+ Ka3 63. Qa5# 1-0

[Event "Late-Titled-Tuesday-Blitz-October-24-2023"]
[Site "Chess.com"]
[Date "2023.10.24"]
[Round "2"]
[White "Haykoooo0o"]
[Black "Willi_Skibbe"]
[Result "0-1"]
[WhiteElo "2450"]
[BlackElo "2209"]
[TimeControl "180+1"]
[EndTime "14:19:54 PDT"]
[Termination "Willi_Skibbe won by checkmate"]

1. d4 d5 2. Nf3 Nf6 3. e3 e6 4.
Bd3 b6 5. Ne5 Bb7 6. f4 Nbd7 7.
Nd2 Bd6 8. Qf3 Qe7 9. O-O O-O-O 10. c3 Kb8 11. e4 dxe4 12. Nxe4 Nd5 13. Qe2 f6 14.
Nxd7+ Qxd7 15. Nxd6 cxd6 16. Bd2 f5 17. Rae1 Rhe8 18. c4 Nf6 19. Bc3 Be4 20. Qc2 Bxd3 21.
Qxd3 d5 22. b3 Ne4 23. Re3 dxc4 24. bxc4 Nxc3 25. Qxc3 Qxd4 26. Qxd4 Rxd4 27. Rc3 Rc8 28. Re1 Rxf4 29. Rxe6 Rfxc4 30. Rxc4 Rxc4 31. Re8+ Rc8 32. Re7 Rc7 33. Re5 g6 34. Kf2 Rd7 35. Kg3 Kb7 36.
Kh4 b5 37. Kg5 Kb6 38. Kh6 a5 39. h4 b4 40. Re8 Rd4 41. g3 Rg4 42. Kxh7 Rxg3 43. Re6+ Kb5 44. Rxg6 Rxg6 45. Kxg6 f4 46. h5 f3 47. h6 f2 48. h7 f1=Q 49. h8=Q Qd3+ 50.
Kg5 Qd5+ 51. Kf4 Kc4 52. Qc8+ Kd3 53. Qh3+ Kc2 54. Qh7+ Kb2 55. Qh2+ Ka3 56. Ke3 Qxa2 57. Qb8 Qd5 58. Qa7 b3 59. Qe7+ Ka2 60. Qh4 Qe5+ 61.
Kd3 Qf5+ 62. Ke3 Qe6+ 63. Kd3 Qd7+ 64. Kc3 Qc6+ 65. Kd3 Qc2+ 66. Ke3 b2 67. Qh5 Qc3+ 68. Ke2 b1=Q 69. Qd5+ Qbb3 70. Qxa5+ Qxa5 71. Kf2 Qd2+ 72. Kg1 Qb1# 0-1

[Event "Late-Titled-Tuesday-Blitz-October-24-2023"]
[Site "Chess.com"]
[Date "2023.10.24"]
[Round "2"]
[White "hblanco"]
[Black "JackRodgers"]
[Result "1-0"]
[WhiteElo "2740"]
[BlackElo "2513"]
[TimeControl "180+1"]
[EndTime "14:19:55 PDT"]
[Termination "hblanco won by resignation"]

1. e4 c5 2. Nf3 g6 3. c3 Bg7 4. d4 cxd4 5. cxd4 d5 6. e5 Bg4 7.
Bb5+ Nc6 8. Bxc6+ bxc6 9. Nbd2 Nh6 10. h3 Bxf3 11. Nxf3 O-O 12. O-O f6 13. e6 Nf5 14.
b3 Nd6 15. Ba3 Rc8 16. Re1 f5 17. Ng5 Ne4 18. Nf7 Qb6 19. Bb2 c5 20. dxc5 Qxc5 21. Qe2 Nxf2 22. Qxf2 Qxf2+ 23. Kxf2 Rc2+ 24. Re2 Rxe2+ 25. Kxe2 Bxb2 26. Rd1 d4 27. Kd3 Rc8 28. Rd2 Bc3 29. Re2 Kg7 30. Ne5 a5 31. Nc4 Kf6 32. Nb6 Re8 33. Nd5+ Kg7 34. Nxc3 dxc3 35. Kxc3 Kf6 36. a3 Rc8+ 37. Kd4 Rb8 38. Kc4 Rb6 39. b4 axb4 40.
axb4 Rxe6 41. Rb2 Rb6 42. Kc5 Rb8 43. b5 e5 44. b6 e4 45. Kd6 f4 46. Rb4 Kf5 47.
Rb5+ Kf6 48. Rb4 Kf5 49. Rb5+ Kf6 50. Kc7 Re8 51. b7 e3 52. b8=Q Rxb8 53. Rxb8 Ke5 54. Kc6 Kd4 55. Rd8+ Ke4 56. Kd6 g5 57. Re8+ Kd3 58.
Ke5 h5 59. Kf5 g4 60. hxg4 hxg4 61. Kxf4 e2 62. Kxg4 1-0

[Event "Late-Titled-Tuesday-Blitz-October-24-2023"]
[Site "Chess.com"]
[Date "2023.10.24"]
[Round "2"]
[White "Artemiki"]
[Black "dretch"]
[Result "1-0"]
[WhiteElo "2398"]
[BlackElo "2815"]
[TimeControl "180+1"]
[EndTime "14:19:55 PDT"]
[Termination "Artemiki won by resignation"]

1. e4 e6 2. d4 d5 3. Nc3 Nf6 4. e5 Nfd7 5. f4 c5 6. Nf3 Nc6 7. Be3 cxd4 8. Nxd4 Bc5 9. Qd2 O-O 10. O-O-O a6 11.
g4 Nxd4 12. Bxd4 b5 13. h4 b4 14. Na4 Bxd4 15. Qxd4 Qa5 16. b3 Bb7 17. Kb1 Rfc8 18. Bd3 Bc6 19. Nb2 Nc5 20. h5 Qb6 21. g5 Bb5 22. g6 fxg6 23. hxg6 h6 24. f5 Bxd3 25.
Nxd3 exf5 26. e6 Qd6 27. Nxc5 Qxc5 28. Qxc5 Rxc5 29. e7 Re8 30. Rhe1 Rc6 31. Rxd5 Rxg6 32. Rxf5 Rb6 33. Kb2 Rb7 34. Rfe5 Kf7 35. Rf1+ Kg6 36. Rfe1 Rb6 37. a3 bxa3+ 38. Kxa3 h5 39. c4 Kh6 40. c5 Rf6 41. Re6 h4 42. Rxf6+ gxf6 43.
c6 Kg6 44. c7 Kf7 45. Kb4 h3 46. Kc5 h2 47. Kd6 Rh8 48. Kd7 f5 49. c8=Q Rxc8 50. Kxc8 Ke8 51. Kc7 f4 52. Rh1 Kxe7 53. Rxh2 Ke6 54.
Kb6 Kd5 55. Kxa6 Kd4 56. b4 f3 57. b5 Ke3 58. b6 1-0

[Event "Late-Titled-Tuesday-Blitz-October-24-2023"]
[Site "Chess.com"]
[Date "2023.10.24"]
[Round "2"]
[White "OPQRC"]
[Black "Cayse"]
[Result "1/2-1/2"]
[WhiteElo "2592"]
[BlackElo "2870"]
[TimeControl "180+1"]
[EndTime "14:19:56 PDT"]
[Termination "Game drawn by repetition"]

1. e4 e5 2. Nf3 Nc6 3. Bc4 Nf6 4. d4 exd4 5. O-O d6 6. Nxd4 Be7 7. Nc3 O-O 8. Re1 Nd7 9. Nd5 Nb6 10. Nxe7+ Qxe7 11. Bf1 Bd7 12. Bf4 Rae8 13. Nb5 Bc8 14. a4 a6 15. a5 axb5 16. axb6 Qf6 17. Bg3 cxb6 18.
Qxd6 Qxb2 19. Rab1 Qxc2 20. Rxb5 Rxe4 21. Rxe4 Qxe4 22.
Rxb6 h6 23. h3 Rd8 24. Rxc6 Rxd6 25. Rxc8+ Kh7 26. Bxd6 Qe6 27. Rd8 Qd5 28. Bc7 Qc5 29. Bg3 b5 30. Rd1 b4 31. Bd3+ g6 32. Kf1 b3 33. Ke2 b2 34. Bf4 Qe7+ 35. Be3 Qb7 36. g3 Qb4 37. h4 Kg7 38. Rb1 Qc3 39. Bd2 Qd4 40. Be3 Qe5 41. Kd2 f5 42. Kc2 Qc7+ 43.
Kxb2 g5 44. Rc1 Qe5+ 45. Kc2 f4 46. gxf4 gxf4 47. Bd2 Qc5+ 48. Bc3+ Kf7 49. Rf1 f3 50. Kd2 Qc7 51. Bd4 Qf4+ 52. Be3 Qb4+ 53. Kd1 Qa4+ 54. Kd2 Qa5+ 55. Kc2 Qa2+ 56. Kc3 Qa3+ 57.
Kd4 Qa4+ 58. Bc4+ Kf6 59. Bxh6 Kf5 60. Be3 Qa7+ 61. Kd3 Qa3+ 62. Kd4 Qb2+ 63. Kd3 Qa3+ 64. Kd2 Qb2+ 65. Kd3 Qa3+ 1/2-1/2